TOP OF THE 1ST |
Kingsport Mets batting - Pitching for San Francisco (APP) Giants : RHP Kenjyu Watanabe
|
Pitching: RHP Kenjyu Watanabe
|
|
Batting: RHB Michael Youngberry
|
0-0: Ball 1-0: Called Strike 1-1: Foul Ball, location: 2F 1-2: Ground out 4-3 (Groundball, 4, EV 110.6 MPH)
|
Batting: SHB Nick Daigle
|
0-0: Ball 1-0: Ball 2-0: SINGLE (Groundball, 6MS, EV 65.6 MPH) (infield hit)
|
Batting: LHB Dan Bremseth
|
0-0: Foul Ball, location: 2F 0-1: Ball 1-1: Foul Ball, location: 2F 1-2: Ball 2-2: Ball 3-2: Base on Balls Nick Daigle to second
|
Batting: RHB Mike Hanks
|
0-0: Foul Ball, location: 2F 0-1: Ball 1-1: Called Strike 1-2: Foul Ball, location: 2F 1-2: SINGLE (Groundball, 34D, EV 98.1 MPH) Nick Daigle to third Dan Bremseth to second
|
Batting: RHB Nate Henderson
|
0-0: Foul Ball, location: 2F 0-1: Foul Ball, location: 2F 0-2: Fielders Choice at 2nd, 5-4 (Groundball, 56, EV 82.5 MPH) Nick Daigle scores Dan Bremseth to third
|
Batting: SHB Jerry Burrows
|
0-0: Ball 1-0: Called Strike 1-1: Foul Ball, location: 2F 1-2: Foul Ball, location: 2F 1-2: Ball 2-2: Fly out, F7 (Line Drive, 7, EV 93.1 MPH)
|
Top of the 1st over - 1 run, 2 hits, 0 errors, 2 left on base; Kingsport 1 - San Francisco (APP) 0 |
BOTTOM OF THE 1ST |
San Francisco (APP) Giants batting - Pitching for Kingsport Mets : LHP Antonio Davila
|
Pitching: LHP Antonio Davila
|
|
Batting: RHB Ryan Roberts
|
0-0: Ball 1-0: Ball 2-0: Ball 3-0: Base on Balls
|
Batting: RHB Zach Maguire
|
0-0: Called Strike Ryan Roberts steals 2nd base 0-1: Foul Ball, location: 2F 0-2: Ball 1-2: Ball 2-2: Foul Ball, location: 2F 2-2: Ball 3-2: Base on Balls
|
Batting: RHB Brian Rogers
|
0-0: Ball 1-0: Ball 2-0: Foul Ball, location: 2F 2-1: 3-RUN HOME RUN (Flyball, 7D, EV 108.8 MPH), Distance : 393 ft
|
Batting: RHB Edwin Verdugo
|
0-0: Ball 1-0: Called Strike 1-1: Called Strike 1-2: Strikes out swinging, 2-3 out at first.
|
Batting: RHB Josh Truell
|
0-0: Ball 1-0: Called Strike 1-1: Foul Ball, location: 2F 1-2: Foul Ball, location: 2F 1-2: Ball 2-2: Foul Ball, location: 2F 2-2: Ball 3-2: Foul Ball, location: 2F 3-2: Strikes out swinging, 2-3 out at first.
|
Batting: RHB Teruhide Horiuchi
|
0-0: Ball 1-0: Fly out, F7 (Flyball, 7D, EV 95.0 MPH)
|
Bottom of the 1st over - 3 runs, 1 hit, 0 errors, 0 left on base; Kingsport 1 - San Francisco (APP) 3 |
TOP OF THE 2ND |
Kingsport Mets batting - Pitching for San Francisco (APP) Giants : RHP Kenjyu Watanabe
|
Batting: RHB Jake Geib
|
0-0: Foul Ball, location: 2F 0-1: Foul Ball, location: 2F 0-2: Ground out 6-3 (Groundball, 6, EV 103.1 MPH)
|
Batting: RHB Enrique Aguirre
|
0-0: Ball 1-0: Swinging Strike 1-1: Called Strike 1-2: Strikes out swinging
|
Batting: RHB Sam Callahan
|
0-0: Ball 1-0: Swinging Strike 1-1: Swinging Strike 1-2: Ball 2-2: Strikes out looking
|
Top of the 2nd over - 0 runs, 0 hits, 0 errors, 0 left on base; Kingsport 1 - San Francisco (APP) 3 |
BOTTOM OF THE 2ND |
San Francisco (APP) Giants batting - Pitching for Kingsport Mets : LHP Antonio Davila
|
Batting: RHB Harry Dickson
|
0-0: Called Strike 0-1: Foul Ball, location: 2F 0-2: Ball 1-2: Foul Ball, location: 2F 1-2: Ball 2-2: Ball 3-2: Strikes out looking
|
Batting: RHB Vinny Torres
|
0-0: Ground out 4-3 (Groundball, 4, EV 93.8 MPH)
|
Batting: RHB Chris Kulik
|
0-0: Called Strike 0-1: Foul Ball, location: 2F 0-2: Ball 1-2: Foul Ball, location: 2F 1-2: Strikes out swinging
|
Bottom of the 2nd over - 0 runs, 0 hits, 0 errors, 0 left on base; Kingsport 1 - San Francisco (APP) 3 |
TOP OF THE 3RD |
Kingsport Mets batting - Pitching for San Francisco (APP) Giants : RHP Kenjyu Watanabe
|
Batting: RHB Michael Youngberry
|
0-0: Called Strike 0-1: Ball 1-1: Foul Ball, location: 2F 1-2: Strikes out swinging
|
Batting: SHB Nick Daigle
|
0-0: Called Strike 0-1: Swinging Strike 0-2: Strikes out looking
|
Batting: LHB Dan Bremseth
|
0-0: Foul Ball, location: 2F 0-1: Ball 1-1: Ball 2-1: SOLO HOME RUN (Flyball, 7D, EV 98.8 MPH), Distance : 392 ft
|
Batting: RHB Mike Hanks
|
0-0: Ground out 4-3 (Groundball, 4M, EV 83.1 MPH)
|
Top of the 3rd over - 1 run, 1 hit, 0 errors, 0 left on base; Kingsport 2 - San Francisco (APP) 3 |
BOTTOM OF THE 3RD |
San Francisco (APP) Giants batting - Pitching for Kingsport Mets : LHP Antonio Davila
|
Batting: RHB Ryan Roberts
|
0-0: Ball 1-0: Foul Ball, location: 2F 1-1: Swinging Strike 1-2: Fly out, F7 (Line Drive, 7S, EV 93.8 MPH)
|
Batting: RHB Zach Maguire
|
0-0: Ball 1-0: Swinging Strike 1-1: Foul Ball, location: 2F 1-2: Foul Ball, location: 2F 1-2: Ground out 5-3 (Groundball, 5L, EV 100.6 MPH)
|
Batting: RHB Brian Rogers
|
0-0: Foul Ball, location: 2F 0-1: Foul Ball, location: 2F 0-2: Foul Ball, location: 2F 0-2: Ball 1-2: Ball 2-2: Foul Ball, location: 2F 2-2: Ball 3-2: DOUBLE (Line Drive, 9LS, EV 106.9 MPH)
|
Batting: RHB Edwin Verdugo
|
0-0: Ball 1-0: Ball 2-0: Ground out 6-3 (Groundball, 56, EV 77.5 MPH)
|
Bottom of the 3rd over - 0 runs, 1 hit, 0 errors, 1 left on base; Kingsport 2 - San Francisco (APP) 3 |
TOP OF THE 4TH |
Kingsport Mets batting - Pitching for San Francisco (APP) Giants : RHP Kenjyu Watanabe
|
Batting: RHB Nate Henderson
|
0-0: Ball 1-0: Ball 2-0: Fly out, F8 (Flyball, 78M, EV 90.0 MPH)
|
Batting: SHB Jerry Burrows
|
0-0: Ball 1-0: Called Strike 1-1: Swinging Strike 1-2: Strikes out swinging
|
Batting: RHB Jake Geib
|
0-0: Ball 1-0: Swinging Strike 1-1: Ball 2-1: Ball 3-1: Base on Balls
|
Batting: RHB Enrique Aguirre
|
0-0: Ball 1-0: Ball 2-0: Ball 3-0: Called Strike 3-1: Base on Balls Jake Geib to second
|
Batting: RHB Sam Callahan
|
0-0: DOUBLE (Flyball, 8RXD, EV 106.2 MPH) Jake Geib scores Enrique Aguirre to third
|
Batting: RHB Michael Youngberry
|
0-0: Reached on error, E3 (Groundball, 3, EV 85.6 MPH) Enrique Aguirre scores Sam Callahan to third
|
Batting: SHB Nick Daigle
|
0-0: Ball 1-0: Ball 2-0: Ball 3-0: Called Strike 3-1: Base on Balls Michael Youngberry to second
|
Batting: LHB Dan Bremseth
|
0-0: Ball 1-0: Fly out, F7 (Flyball, 78S, EV 76.9 MPH)
|
Top of the 4th over - 2 runs, 1 hit, 1 error, 3 left on base; Kingsport 4 - San Francisco (APP) 3 |
BOTTOM OF THE 4TH |
San Francisco (APP) Giants batting - Pitching for Kingsport Mets : LHP Antonio Davila
|
Batting: RHB Josh Truell
|
0-0: Ball 1-0: Foul Ball, location: 2F 1-1: Fly out, F7 (Flyball, 7, EV 93.8 MPH)
|
Batting: RHB Teruhide Horiuchi
|
0-0: Swinging Strike 0-1: SINGLE (Groundball, 6S, EV 76.2 MPH) (infield hit)
|
Batting: RHB Harry Dickson
|
0-0: Ball Wild Pitch! Teruhide Horiuchi to second 1-0: Foul Ball, location: 2F 1-1: Ground out 6-3 (Groundball, 6, EV 99.4 MPH)
|
Batting: RHB Vinny Torres
|
0-0: Ball 1-0: Called Strike 1-1: Ground out 1-3 (Groundball, 13S, EV 75.6 MPH)
|
Bottom of the 4th over - 0 runs, 1 hit, 0 errors, 1 left on base; Kingsport 4 - San Francisco (APP) 3 |
TOP OF THE 5TH |
Kingsport Mets batting - Pitching for San Francisco (APP) Giants : RHP Kenjyu Watanabe
|
Batting: RHB Mike Hanks
|
0-0: Hit by Pitch
|
Pinch Runner at 1st Artyom Shavkunov:
|
|
Batting: RHB Nate Henderson
|
0-0: Called Strike 0-1: Ball 1-1: Ball 2-1: Swinging Strike 2-2: Fielders Choice at 2nd, 4-6 (Groundball, 4, EV 78.8 MPH)
|
Batting: SHB Jerry Burrows
|
0-0: Swinging Strike 0-1: Fly out, F5 (Popup, 5F, EV 72.5 MPH)
|
Batting: RHB Jake Geib
|
0-0: Called Strike 0-1: Ball 1-1: Foul Ball, location: 2F 1-2: Strikes out looking
|
Top of the 5th over - 0 runs, 0 hits, 0 errors, 1 left on base; Kingsport 4 - San Francisco (APP) 3 |
BOTTOM OF THE 5TH |
San Francisco (APP) Giants batting - Pitching for Kingsport Mets : LHP Antonio Davila
|
Now at 1B: Warren Carmichael
|
|
Batting: RHB Chris Kulik
|
0-0: Ground out U3 (Groundball, 13, EV 85.0 MPH)
|
Pitching: RHP Gabe Kelso
|
|
Batting: RHB Ryan Roberts
|
0-0: Ball 1-0: Ball 2-0: Called Strike 2-1: Ground out 5-3 (Groundball, 56, EV 104.4 MPH)
|
Batting: RHB Zach Maguire
|
0-0: Ground out 6-3 (Groundball, 6, EV 84.4 MPH)
|
Bottom of the 5th over - 0 runs, 0 hits, 0 errors, 0 left on base; Kingsport 4 - San Francisco (APP) 3 |
TOP OF THE 6TH |
Kingsport Mets batting - Pitching for San Francisco (APP) Giants : RHP Kenjyu Watanabe
|
Pitching: RHP Wally Dethridge
|
|
Batting: RHB Enrique Aguirre
|
0-0: Called Strike 0-1: Called Strike 0-2: Ball 1-2: Ball 2-2: Strikes out swinging
|
Batting: RHB Sam Callahan
|
0-0: Ball 1-0: Ball 2-0: Called Strike 2-1: Swinging Strike 2-2: Ground out 6-3 (Groundball, 6, EV 85.6 MPH)
|
Batting: RHB Michael Youngberry
|
0-0: Called Strike 0-1: Ground out 4-3 (Groundball, 4, EV 86.9 MPH)
|
Top of the 6th over - 0 runs, 0 hits, 0 errors, 0 left on base; Kingsport 4 - San Francisco (APP) 3 |
BOTTOM OF THE 6TH |
San Francisco (APP) Giants batting - Pitching for Kingsport Mets : RHP Gabe Kelso
|
Batting: RHB Brian Rogers
|
0-0: Ball 1-0: Foul Ball, location: 2F 1-1: Foul Ball, location: 2F 1-2: Ball 2-2: Ball 3-2: Foul Ball, location: 2F 3-2: Fly out, F8 (Flyball, 8LD, EV 91.2 MPH)
|
Batting: RHB Edwin Verdugo
|
0-0: SINGLE (Groundball, 34D, EV 98.1 MPH)
|
Batting: RHB Josh Truell
|
0-0: Ball 1-0: Ball 2-0: Called Strike 2-1: Ball Wild Pitch! Edwin Verdugo to second 3-1: Base on Balls
|
Batting: RHB Teruhide Horiuchi
|
0-0: TRIPLE (Line Drive, 9D, EV 110.0 MPH) Edwin Verdugo scores Josh Truell scores
|
Batting: RHB Harry Dickson
|
0-0: SINGLE (Groundball, 56D, EV 102.5 MPH) Teruhide Horiuchi scores
|
Pitching: LHP Scott Carr
|
|
Batting: RHB Vinny Torres
|
0-0: Swinging Strike 0-1: Ball 1-1: Called Strike 1-2: Ball 2-2: Strikes out looking
|
Batting: RHB Chris Kulik
|
0-0: Ball 1-0: Ball 2-0: Ball 3-0: Called Strike 3-1: Base on Balls Harry Dickson to second
|
Batting: RHB Ryan Roberts
|
0-0: Ball 1-0: Ball 2-0: Ball 3-0: Called Strike 3-1: Swinging Strike 3-2: Foul Ball, location: 2F 3-2: Base on Balls Harry Dickson to third Chris Kulik to second
|
Batting: RHB Zach Maguire
|
0-0: Foul Ball, location: 2F 0-1: Ball 1-1: Ball 2-1: Ball 3-1: Base on Balls Harry Dickson scores Chris Kulik to third Ryan Roberts to second
|
Batting: RHB Brian Rogers
|
0-0: Ball 1-0: Swinging Strike 1-1: Foul Ball, location: 2F 1-2: Foul Ball, location: 2F 1-2: Ball 2-2: Ball 3-2: GRAND SLAM HOME RUN (Flyball, 78XD, EV 99.4 MPH), Distance : 420 ft
|
Pitching: RHP Adrian Colorado
|
|
Batting: RHB Edwin Verdugo
|
0-0: Swinging Strike 0-1: Ball 1-1: Called Strike 1-2: Ball 2-2: Strikes out swinging
|
Bottom of the 6th over - 8 runs, 4 hits, 0 errors, 0 left on base; Kingsport 4 - San Francisco (APP) 11 |
TOP OF THE 7TH |
Kingsport Mets batting - Pitching for San Francisco (APP) Giants : RHP Wally Dethridge
|
Batting: SHB Nick Daigle
|
0-0: Swinging Strike 0-1: Ball 1-1: Called Strike 1-2: Foul Ball, location: 2F 1-2: Strikes out swinging
|
Batting: LHB Dan Bremseth
|
0-0: Called Strike 0-1: Ball 1-1: Ground out 4-3 (Groundball, 4, EV 106.2 MPH)
|
Batting: RHB Warren Carmichael
|
0-0: Called Strike 0-1: Ball 1-1: Foul Ball, location: 2F 1-2: Foul Ball, location: 2F 1-2: Ball 2-2: DOUBLE (Groundball, 5L, EV 103.1 MPH)
|
Batting: RHB Nate Henderson
|
0-0: Ball 1-0: Ball 2-0: Swinging Strike 2-1: Ball 3-1: Base on Balls
|
Pitching: RHP Jonathan Fritzinger
|
|
Batting: SHB Jerry Burrows
|
0-0: Foul Ball, location: 2F 0-1: Ball 1-1: Ball 2-1: Called Strike 2-2: Fly out, F6 (Line Drive, 6MD, EV 66.2 MPH)
|
Top of the 7th over - 0 runs, 1 hit, 0 errors, 2 left on base; Kingsport 4 - San Francisco (APP) 11 |
BOTTOM OF THE 7TH |
San Francisco (APP) Giants batting - Pitching for Kingsport Mets : RHP Adrian Colorado
|
Batting: RHB Josh Truell
|
0-0: Called Strike 0-1: Foul Ball, location: 2F 0-2: Ball 1-2: Ball 2-2: Ball 3-2: SINGLE (Groundball, 6M, EV 110.6 MPH)
|
Batting: RHB Teruhide Horiuchi
|
0-0: Called Strike 0-1: Swinging Strike 0-2: DOUBLE (Line Drive, 78M, EV 98.1 MPH) Josh Truell to third Runner from 3rd tries for Home, SAFE, throw by CF to trailing runner, OUT at third! 8-3-5
|
Batting: RHB Harry Dickson
|
0-0: DOUBLE (Groundball, 3L, EV 104.4 MPH)
|
Batting: RHB Vinny Torres
|
0-0: Ball 1-0: Ball 2-0: Called Strike 2-1: Ground out U3 (Groundball, 34, EV 85.0 MPH) Harry Dickson to third
|
Batting: RHB Chris Kulik
|
0-0: Foul Ball, location: 2F 0-1: Ball 1-1: Ball 2-1: Ball 3-1: Foul Ball, location: 2F 3-2: SINGLE (Groundball, 34D, EV 102.5 MPH) Harry Dickson scores
|
Pinch Hitting: LHB Alex Larangho
|
0-0: 2-RUN HOME RUN (Flyball, 9LD, EV 96.2 MPH), Distance : 356 ft
|
Batting: RHB Zach Maguire
|
0-0: Ball 1-0: Ground out 5-3 (Groundball, 5, EV 76.9 MPH)
|
Bottom of the 7th over - 4 runs, 5 hits, 0 errors, 0 left on base; Kingsport 4 - San Francisco (APP) 15 |
TOP OF THE 8TH |
Kingsport Mets batting - Pitching for San Francisco (APP) Giants : RHP Jonathan Fritzinger
|
Now in RF: Alex Larangho
|
|
Batting: RHB Jake Geib
|
0-0: Ball 1-0: Ball 2-0: Swinging Strike 2-1: Swinging Strike 2-2: Strikes out swinging
|
Batting: RHB Enrique Aguirre
|
0-0: Called Strike 0-1: Ball 1-1: Ball 2-1: Swinging Strike 2-2: Foul Ball, location: 2F 2-2: Ball 3-2: Strikes out swinging
|
Batting: RHB Sam Callahan
|
0-0: Called Strike 0-1: Foul Ball, location: 2F 0-2: Strikes out looking
|
Top of the 8th over - 0 runs, 0 hits, 0 errors, 0 left on base; Kingsport 4 - San Francisco (APP) 15 |
BOTTOM OF THE 8TH |
San Francisco (APP) Giants batting - Pitching for Kingsport Mets : RHP Adrian Colorado
|
Batting: RHB Brian Rogers
|
0-0: Called Strike 0-1: Ball 1-1: Ball 2-1: Ball 3-1: Base on Balls
|
Pitching: LHP Tony Diaz
|
|
Batting: RHB Edwin Verdugo
|
0-0: Ball 1-0: Called Strike 1-1: Fly out, F8 (Line Drive, 78M, EV 86.2 MPH)
|
Batting: RHB Josh Truell
|
0-0: Ball 1-0: Called Strike 1-1: Ball 2-1: Called Strike 2-2: Ball 3-2: Strikes out looking
|
Batting: RHB Teruhide Horiuchi
|
0-0: Fielders Choice at 2nd, 6-4 (Groundball, 6, EV 100.6 MPH)
|
Bottom of the 8th over - 0 runs, 0 hits, 0 errors, 1 left on base; Kingsport 4 - San Francisco (APP) 15 |
TOP OF THE 9TH |
Kingsport Mets batting - Pitching for San Francisco (APP) Giants : RHP Jonathan Fritzinger
|
Pitching: RHP Sergio Silva
|
|
Batting: RHB Michael Youngberry
|
0-0: Called Strike 0-1: Fly out, F7 (Line Drive, 7LM, EV 95.0 MPH)
|
Batting: SHB Nick Daigle
|
0-0: Called Strike 0-1: Ball 1-1: Ball 2-1: Ball 3-1: Called Strike 3-2: Foul Ball, location: 2F 3-2: Foul Ball, location: 2F 3-2: Base on Balls
|
Batting: LHB Dan Bremseth
|
0-0: Swinging Strike 0-1: Ball 1-1: Called Strike 1-2: TRIPLE (Flyball, 89XD, EV 106.2 MPH) Nick Daigle scores
|
Batting: RHB Warren Carmichael
|
0-0: Ball 1-0: Ground out 6-3 (Groundball, 56, EV 79.4 MPH) Dan Bremseth scores
|
Batting: RHB Nate Henderson
|
0-0: Ball 1-0: Called Strike 1-1: Ball 2-1: Called Strike 2-2: Foul Ball, location: 2F 2-2: Foul Ball, location: 2F 2-2: Foul Ball, location: 2F 2-2: Ball 3-2: Strikes out swinging
|
Top of the 9th over - 2 runs, 1 hit, 0 errors, 0 left on base; Kingsport 6 - San Francisco (APP) 15 |
|